| TOP OF THE 1ST |
|
Kelowna Heat batting - Pitching for Miami Beach Marlins : RHP Ib Skovgaard
|
|
Pitching: RHP Ib Skovgaard
|
|
|
Batting: RHB Tsugio Yamaguchi
|
0-0: Ball 1-0: Ball 2-0: Swinging Strike 2-1: Swinging Strike 2-2: Ball 3-2: Strikes out swinging
|
|
Batting: RHB Gary Sampson
|
0-0: Ball 1-0: Ball 2-0: Ball 3-0: Base on Balls
|
|
Batting: LHB Oscar Tamayo
|
0-0: Ball 1-0: Ball 2-0: Called Strike 2-1: Ball 3-1: Base on Balls Gary Sampson to second
|
|
Batting: RHB Armando Ramirez
|
0-0: Ball 1-0: Called Strike 1-1: Ball 2-1: Foul Ball, location: 2F 2-2: SINGLE (Flyball, 8LS, EV 99.4 MPH) Gary Sampson to third Oscar Tamayo to second Runner from 3rd tries for Home, SAFE, throw by CF to home
|
|
Batting: RHB Mike Storey
|
0-0: Called Strike 0-1: Swinging Strike 0-2: Ball 1-2: Ball 2-2: Ball 3-2: Base on Balls Oscar Tamayo to third Armando Ramirez to second
|
|
Batting: RHB Soichi Kaneshiro
|
0-0: Ball 1-0: Called Strike 1-1: Swinging Strike 1-2: Strikes out swinging
|
|
Batting: RHB Sean Gilbert
|
0-0: Ball 1-0: Called Strike 1-1: Swinging Strike 1-2: Foul Ball, location: 2F 1-2: Ball 2-2: Ball 3-2: Foul Ball, location: 2F 3-2: Foul Ball, location: 2F 3-2: Base on Balls Oscar Tamayo scores Armando Ramirez to third Mike Storey to second
|
|
Batting: RHB Glen Limeburner
|
0-0: Foul Ball, location: 2F 0-1: Fielders Choice at 2nd, 6-4 (Groundball, 6, EV 81.9 MPH)
|
| Top of the 1st over - 2 runs, 1 hit, 0 errors, 3 left on base; Kelowna 2 - Miami Beach 0 |
| BOTTOM OF THE 1ST |
|
Miami Beach Marlins batting - Pitching for Kelowna Heat : RHP Sergio Silva
|
|
Pitching: RHP Sergio Silva
|
|
|
Batting: RHB Jim Smallwood
|
0-0: Foul Ball, location: 2F 0-1: Swinging Strike 0-2: Foul Ball, location: 2F 0-2: Strikes out swinging
|
|
Batting: RHB Corbin Chauvin
|
0-0: Ground out 5-3 (Groundball, 56S, EV 86.9 MPH)
|
|
Batting: RHB Torquato Uso
|
0-0: Called Strike 0-1: Ball 1-1: Ball 2-1: DOUBLE (Line Drive, 5D, EV 96.2 MPH)
|
|
Batting: SHB Emmet Brickowski
|
0-0: Called Strike 0-1: Foul Ball, location: 2F 0-2: Strikes out swinging
|
| Bottom of the 1st over - 0 runs, 1 hit, 0 errors, 1 left on base; Kelowna 2 - Miami Beach 0 |
| TOP OF THE 2ND |
|
Kelowna Heat batting - Pitching for Miami Beach Marlins : RHP Ib Skovgaard
|
|
Batting: RHB Joe Nelson
|
0-0: Fly out, F9 (Flyball, 9, EV 73.1 MPH)
|
|
Batting: RHB Tsugio Yamaguchi
|
0-0: Ball 1-0: Called Strike 1-1: Hit by Pitch
|
|
Batting: RHB Gary Sampson
|
0-0: Called Strike 0-1: Foul Ball, location: 2F 0-2: Ball 1-2: Ball Tsugio Yamaguchi steals 2nd base 2-2: Ball 3-2: Fly out, F7 (Flyball, 78S, EV 84.4 MPH)
|
|
Batting: LHB Oscar Tamayo
|
0-0: Foul Ball, location: 2F 0-1: Called Strike 0-2: Ball 1-2: Ball 2-2: Foul Ball, location: 2F 2-2: Ball 3-2: 2-RUN HOME RUN (Flyball, 9LD, EV 96.9 MPH), Distance : 337 ft
|
|
Batting: RHB Armando Ramirez
|
0-0: Ball 1-0: Ball 2-0: Swinging Strike 2-1: Called Strike 2-2: Strikes out swinging
|
| Top of the 2nd over - 2 runs, 1 hit, 0 errors, 0 left on base; Kelowna 4 - Miami Beach 0 |
| BOTTOM OF THE 2ND |
|
Miami Beach Marlins batting - Pitching for Kelowna Heat : RHP Sergio Silva
|
|
Batting: LHB Henry Huezo
|
0-0: Ball 1-0: Called Strike 1-1: Foul Ball, location: 2F 1-2: Ball 2-2: Ball 3-2: Base on Balls
|
|
Batting: RHB Josh Jones
|
0-0: Called Strike 0-1: Ball 1-1: Foul Ball, location: 2F 1-2: Ball 2-2: SINGLE (Line Drive, 3D, EV 93.8 MPH) Henry Huezo to second
|
|
Batting: RHB Chris Harlow
|
0-0: Called Strike 0-1: Ball 1-1: SINGLE (Groundball, 56, EV 111.9 MPH) (infield hit) Henry Huezo to third Josh Jones to second
|
|
Batting: RHB Francisco Valenzuela
|
0-0: Called Strike 0-1: Called Strike 0-2: Strikes out looking
|
|
Batting: RHB Hektor Luvian
|
0-0: Swinging Strike 0-1: Grounds into double play, 6-4-3 (Groundball, 6, EV 103.8 MPH)
|
| Bottom of the 2nd over - 0 runs, 2 hits, 0 errors, 2 left on base; Kelowna 4 - Miami Beach 0 |
| TOP OF THE 3RD |
|
Kelowna Heat batting - Pitching for Miami Beach Marlins : RHP Ib Skovgaard
|
|
Batting: RHB Mike Storey
|
0-0: Ball 1-0: Foul Ball, location: 2F 1-1: Ball 2-1: Swinging Strike 2-2: Foul Ball, location: 2F 2-2: Ball 3-2: Foul Ball, location: 2F 3-2: Base on Balls
|
|
Batting: RHB Soichi Kaneshiro
|
0-0: Ball 1-0: Foul Ball, location: 2F 1-1: Foul Ball, location: 2F 1-2: Foul Ball, location: 2F 1-2: Ball 2-2: 2-RUN HOME RUN (Flyball, 7D, EV 99.4 MPH), Distance : 408 ft
|
|
Pitching: LHP Tom Boyko
|
|
|
Batting: RHB Sean Gilbert
|
0-0: Swinging Strike 0-1: Called Strike 0-2: Ball 1-2: Strikes out swinging
|
|
Batting: RHB Glen Limeburner
|
0-0: Called Strike 0-1: Called Strike 0-2: Ball 1-2: Foul Ball, location: 2F 1-2: Ball 2-2: Foul Ball, location: 2F 2-2: Foul Ball, location: 2F 2-2: Fly out, F4 (Line Drive, 4, EV 63.8 MPH)
|
|
Batting: RHB Joe Nelson
|
0-0: Ground out 6-3 (Groundball, 6, EV 105.0 MPH)
|
| Top of the 3rd over - 2 runs, 1 hit, 0 errors, 0 left on base; Kelowna 6 - Miami Beach 0 |
| BOTTOM OF THE 3RD |
|
Miami Beach Marlins batting - Pitching for Kelowna Heat : RHP Sergio Silva
|
|
Batting: RHB Jim Smallwood
|
0-0: Ball 1-0: Ball 2-0: Foul Ball, location: 2F 2-1: Ball 3-1: Base on Balls
|
|
Batting: RHB Corbin Chauvin
|
0-0: Ball 1-0: Called Strike 1-1: Called Strike 1-2: Ball 2-2: Strikes out swinging
|
|
Batting: RHB Torquato Uso
|
0-0: Called Strike 0-1: Foul Ball, location: 2F 0-2: Foul Ball, location: 2F 0-2: Ball 1-2: Strikes out looking Jim Smallwood steals 2nd, throwing error, E2 Jim Smallwood to third
|
|
Batting: SHB Emmet Brickowski
|
0-0: Ball 1-0: Ball 2-0: Ball 3-0: Called Strike 3-1: Called Strike 3-2: Strikes out swinging
|
| Bottom of the 3rd over - 0 runs, 0 hits, 1 error, 1 left on base; Kelowna 6 - Miami Beach 0 |
| TOP OF THE 4TH |
|
Kelowna Heat batting - Pitching for Miami Beach Marlins : LHP Tom Boyko
|
|
Batting: RHB Tsugio Yamaguchi
|
0-0: Ball 1-0: Ball 2-0: Ball 3-0: Called Strike 3-1: Foul Ball, location: 2F 3-2: Foul Ball, location: 2F 3-2: Strikes out swinging
|
|
Batting: RHB Gary Sampson
|
0-0: Called Strike 0-1: Ball 1-1: Foul Ball, location: 2F 1-2: Foul Ball, location: 2F 1-2: Ball 2-2: Ball 3-2: SINGLE (Line Drive, 78S, EV 96.2 MPH)
|
|
Batting: LHB Oscar Tamayo
|
0-0: Called Strike Gary Sampson is caught stealing 2nd base 2-6 0-1: Ball 1-1: Ball 2-1: Called Strike 2-2: Strikes out swinging
|
| Top of the 4th over - 0 runs, 1 hit, 0 errors, 0 left on base; Kelowna 6 - Miami Beach 0 |
| BOTTOM OF THE 4TH |
|
Miami Beach Marlins batting - Pitching for Kelowna Heat : RHP Sergio Silva
|
|
Batting: LHB Henry Huezo
|
0-0: Ground out 4-3 (Groundball, 4, EV 85.6 MPH)
|
|
Batting: RHB Josh Jones
|
0-0: Ball 1-0: Foul Ball, location: 2F 1-1: Foul Ball, location: 2F 1-2: Strikes out looking
|
|
Batting: RHB Chris Harlow
|
0-0: Ball 1-0: DOUBLE (Flyball, 78D, EV 111.9 MPH)
|
|
Batting: RHB Francisco Valenzuela
|
0-0: Ball 1-0: Swinging Strike 1-1: Ball 2-1: Fly out, F9 (Line Drive, 9D, EV 95.6 MPH)
|
| Bottom of the 4th over - 0 runs, 1 hit, 0 errors, 1 left on base; Kelowna 6 - Miami Beach 0 |
| TOP OF THE 5TH |
|
Kelowna Heat batting - Pitching for Miami Beach Marlins : LHP Tom Boyko
|
|
Batting: RHB Armando Ramirez
|
0-0: Ball 1-0: Called Strike 1-1: Ball 2-1: Swinging Strike 2-2: Ball 3-2: Strikes out swinging
|
|
Pitching: RHP Kyle Beabout
|
|
|
Batting: RHB Mike Storey
|
0-0: Called Strike 0-1: Ball 1-1: Called Strike 1-2: Foul Ball, location: 2F 1-2: Strikes out swinging
|
|
Batting: RHB Soichi Kaneshiro
|
0-0: Ball 1-0: Fly out, F8 (Flyball, 8LS, EV 90.0 MPH)
|
| Top of the 5th over - 0 runs, 0 hits, 0 errors, 0 left on base; Kelowna 6 - Miami Beach 0 |
| BOTTOM OF THE 5TH |
|
Miami Beach Marlins batting - Pitching for Kelowna Heat : RHP Sergio Silva
|
|
Batting: RHB Hektor Luvian
|
0-0: Foul Ball, location: 2F 0-1: Foul Ball, location: 2F 0-2: Strikes out swinging
|
|
Batting: RHB Jim Smallwood
|
0-0: Called Strike 0-1: SINGLE (Line Drive, 89S, EV 105.6 MPH)
|
|
Batting: RHB Corbin Chauvin
|
0-0: Ball 1-0: Grounds into double play, 5-4-3 (Groundball, 56, EV 85.6 MPH)
|
| Bottom of the 5th over - 0 runs, 1 hit, 0 errors, 0 left on base; Kelowna 6 - Miami Beach 0 |
| TOP OF THE 6TH |
|
Kelowna Heat batting - Pitching for Miami Beach Marlins : RHP Kyle Beabout
|
|
Batting: RHB Sean Gilbert
|
0-0: Ball 1-0: Ball 2-0: Called Strike 2-1: Ball 3-1: Swinging Strike 3-2: Base on Balls
|
|
Batting: RHB Glen Limeburner
|
0-0: Ball 1-0: Called Strike 1-1: Ball 2-1: Called Strike 2-2: Foul Ball, location: 2F 2-2: Grounds into double play, 6-4-3 (Groundball, 6, EV 102.5 MPH)
|
|
Batting: RHB Joe Nelson
|
0-0: Ground out 6-3 (Groundball, 6, EV 91.9 MPH)
|
| Top of the 6th over - 0 runs, 0 hits, 0 errors, 0 left on base; Kelowna 6 - Miami Beach 0 |
| BOTTOM OF THE 6TH |
|
Miami Beach Marlins batting - Pitching for Kelowna Heat : RHP Sergio Silva
|
|
Batting: RHB Torquato Uso
|
0-0: Ball 1-0: Called Strike 1-1: Ball 2-1: Ball 3-1: Base on Balls
|
|
Batting: SHB Emmet Brickowski
|
0-0: Called Strike Torquato Uso steals 2nd base (no throw) 0-1: Ball 1-1: Fly out, F7 (Line Drive, 7, EV 91.9 MPH)
|
|
Batting: LHB Henry Huezo
|
0-0: Called Strike 0-1: Ball 1-1: Ground out 4-3 (Groundball, 4, EV 80.6 MPH) Torquato Uso to third
|
|
Batting: RHB Josh Jones
|
0-0: Called Strike 0-1: Called Strike 0-2: Ball 1-2: Strikes out looking
|
| Bottom of the 6th over - 0 runs, 0 hits, 0 errors, 1 left on base; Kelowna 6 - Miami Beach 0 |
| TOP OF THE 7TH |
|
Kelowna Heat batting - Pitching for Miami Beach Marlins : RHP Kyle Beabout
|
|
Batting: RHB Tsugio Yamaguchi
|
0-0: Hit by Pitch
|
|
Batting: RHB Gary Sampson
|
0-0: Ball 1-0: Called Strike 1-1: Foul Ball, location: 2F 1-2: Ball 2-2: Strikes out swinging
|
|
Batting: LHB Oscar Tamayo
|
0-0: Ball 1-0: Ball Tsugio Yamaguchi steals 2nd base 2-0: Ball 3-0: Base on Balls
|
|
Batting: RHB Armando Ramirez
|
0-0: Fielders Choice at 2nd, 3-6 (Groundball, 34, EV 88.8 MPH) Tsugio Yamaguchi to third
|
|
Batting: RHB Mike Storey
|
0-0: Ball 1-0: Ball 2-0: Ball 3-0: Called Strike 3-1: Swinging Strike 3-2: Foul Ball, location: 2F 3-2: Base on Balls Armando Ramirez to second
|
|
Batting: RHB Soichi Kaneshiro
|
0-0: Ball 1-0: Ball 2-0: Ball 3-0: Base on Balls Tsugio Yamaguchi scores Armando Ramirez to third Mike Storey to second
|
|
Batting: RHB Sean Gilbert
|
0-0: Ball 1-0: Foul Ball, location: 2F 1-1: Ball 2-1: Foul Ball, location: 2F 2-2: SINGLE (Groundball, 6MD, EV 98.1 MPH) Armando Ramirez scores Mike Storey to third Soichi Kaneshiro to second Runner from 3rd tries for Home, SAFE, throw by CF to home
|
|
Batting: RHB Glen Limeburner
|
0-0: Ball 1-0: Foul Ball, location: 2F 1-1: Foul Ball, location: 2F 1-2: Foul Ball, location: 2F 1-2: Foul Ball, location: 2F 1-2: 3-RUN HOME RUN (Flyball, 9D, EV 98.1 MPH), Distance : 377 ft
|
|
Pitching: LHP Matt Rielly
|
|
|
Batting: RHB Joe Nelson
|
0-0: Swinging Strike 0-1: Called Strike 0-2: Ball 1-2: Strikes out looking
|
| Top of the 7th over - 6 runs, 2 hits, 0 errors, 0 left on base; Kelowna 12 - Miami Beach 0 |
| BOTTOM OF THE 7TH |
|
Miami Beach Marlins batting - Pitching for Kelowna Heat : RHP Sergio Silva
|
|
Batting: RHB Chris Harlow
|
0-0: Ball 1-0: Called Strike 1-1: Foul Ball, location: 2F 1-2: Ball 2-2: Fly out, F9 (Flyball, 89M, EV 80.6 MPH)
|
|
Pitching: LHP Ricky Coats
|
|
|
Batting: RHB Francisco Valenzuela
|
0-0: Ball 1-0: Foul Ball, location: 2F 1-1: Ball 2-1: Ball 3-1: Foul Ball, location: 2F 3-2: Foul Ball, location: 2F 3-2: Base on Balls
|
|
Pinch Hitting: RHB Xin Zhang
|
0-0: Ball Francisco Valenzuela steals 2nd base (no throw) 1-0: Called Strike Francisco Valenzuela steals 3rd base 1-1: Ball 2-1: Fly out, F9 (Flyball, 89S, EV 90.6 MPH)
|
|
Batting: RHB Jim Smallwood
|
0-0: Called Strike 0-1: Foul Ball, location: 2F 0-2: Foul Ball, location: 2F 0-2: Strikes out swinging
|
| Bottom of the 7th over - 0 runs, 0 hits, 0 errors, 1 left on base; Kelowna 12 - Miami Beach 0 |
| TOP OF THE 8TH |
|
Kelowna Heat batting - Pitching for Miami Beach Marlins : LHP Matt Rielly
|
|
Now at 1B: Kazumi Inouye
|
|
|
Batting: RHB Tsugio Yamaguchi
|
0-0: Swinging Strike 0-1: Fly out, F6 (Popup, 6MD, EV 47.5 MPH)
|
|
Batting: RHB Gary Sampson
|
0-0: SOLO HOME RUN (Flyball, 78XD, EV 105.6 MPH), Distance : 427 ft
|
|
Batting: LHB Oscar Tamayo
|
0-0: Ball 1-0: Swinging Strike 1-1: Foul Ball, location: 2F 1-2: Foul Ball, location: 2F 1-2: Strikes out swinging
|
|
Batting: RHB Armando Ramirez
|
0-0: Swinging Strike 0-1: Swinging Strike 0-2: Foul Ball, location: 2F 0-2: Ball 1-2: Ground out 5-3 (Groundball, 56S, EV 83.1 MPH)
|
| Top of the 8th over - 1 run, 1 hit, 0 errors, 0 left on base; Kelowna 13 - Miami Beach 0 |
| BOTTOM OF THE 8TH |
|
Miami Beach Marlins batting - Pitching for Kelowna Heat : LHP Ricky Coats
|
|
Batting: RHB Corbin Chauvin
|
0-0: Foul Ball, location: 2F 0-1: SINGLE (Line Drive, 78S, EV 113.1 MPH)
|
|
Batting: RHB Torquato Uso
|
0-0: Ball 1-0: Swinging Strike 1-1: Foul Ball, location: 2RF, Error on foul ball, E2 1-2: Ball 2-2: Ball 3-2: Base on Balls Corbin Chauvin to second
|
|
Pitching: RHP Adam Browne
|
|
|
Batting: SHB Emmet Brickowski
|
0-0: Called Strike 0-1: Called Strike 0-2: Strikes out looking
|
|
Pinch Hitting: RHB Scott Talbot
|
0-0: Called Strike 0-1: Foul Ball, location: 2F 0-2: Foul Ball, location: 2F 0-2: Ball 1-2: Foul Ball, location: 2F 1-2: Fly out, F8 (Flyball, 78XD, EV 97.5 MPH)
|
|
Pinch Hitting: LHB Luis Ortegon
|
0-0: Single, Error in OF, E7, batter to second base (Line Drive, 56D, EV 102.5 MPH) Corbin Chauvin scores Torquato Uso to third
|
|
Pinch Hitting: LHB Takao Ogura
|
0-0: Called Strike 0-1: Ball 1-1: Swinging Strike 1-2: Ball 2-2: Strikes out swinging
|
| Bottom of the 8th over - 1 run, 2 hits, 2 errors, 2 left on base; Kelowna 13 - Miami Beach 1 |
| TOP OF THE 9TH |
|
Kelowna Heat batting - Pitching for Miami Beach Marlins : LHP Matt Rielly
|
|
Now at 2B: Scott Talbot
|
|
|
Now at SS: Torquato Uso
|
|
|
Now in LF: Christian Gentille
|
|
|
Now in RF: Luis Ortegon
|
|
|
Pinch Hitting: LHB Ricardo Torres
|
0-0: Ball 1-0: Foul Ball, location: 2F 1-1: Foul Ball, location: 2F 1-2: Ball 2-2: Ground out 4-3 (Groundball, 4M, EV 83.1 MPH)
|
|
Batting: RHB Soichi Kaneshiro
|
0-0: Called Strike 0-1: Ball 1-1: Ball 2-1: Ground out U3 (Groundball, 13, EV 78.8 MPH)
|
|
Pinch Hitting: SHB Zack Barton
|
0-0: Ball 1-0: Called Strike 1-1: Swinging Strike 1-2: Strikes out looking
|
| Top of the 9th over - 0 runs, 0 hits, 0 errors, 0 left on base; Kelowna 13 - Miami Beach 1 |
| BOTTOM OF THE 9TH |
|
Miami Beach Marlins batting - Pitching for Kelowna Heat : RHP Adam Browne
|
|
Now at 1B: Ricardo Torres
|
|
|
Now at 2B: Glen Limeburner
|
|
|
Now at SS: Gary Sampson
|
|
|
Now in CF: Zack Barton
|
|
|
Pinch Hitting: RHB Orlando Melendres
|
0-0: SOLO HOME RUN (Flyball, 78XD, EV 106.2 MPH), Distance : 423 ft
|
|
Batting: RHB Kazumi Inouye
|
0-0: Called Strike 0-1: Ball 1-1: Ball 2-1: Ball 3-1: Base on Balls
|
|
Pitching: RHP Josh Henderson
|
|
|
Pinch Hitting: RHB Mario Cota
|
0-0: Foul Ball, location: 2F 0-1: Ball 1-1: Ball 2-1: Ball 3-1: Base on Balls Kazumi Inouye to second
|
|
Batting: RHB Corbin Chauvin
|
0-0: SINGLE (Groundball, 4MD, EV 85.6 MPH) (infield hit) Kazumi Inouye to third Mario Cota to second
|
|
Pinch Hitting: SHB Brent King
|
0-0: Called Strike 0-1: Ball 1-1: Swinging Strike 1-2: Strikes out swinging
|
|
Batting: SHB Emmet Brickowski
|
0-0: Fielders Choice at 2nd, 3-6 (Groundball, 3, EV 87.5 MPH) Kazumi Inouye scores Mario Cota to third
|
|
Batting: RHB Scott Talbot
|
0-0: Swinging Strike 0-1: Ball 1-1: Ground out 6-3 (Groundball, 6S, EV 81.9 MPH)
|
| Bottom of the 9th over - 2 runs, 2 hits, 0 errors, 2 left on base; Kelowna 13 - Miami Beach 3 |
|